 Dungeon Crawl Stone Soup version 0.30-a0-371-gad7725a93e (webtiles) character file.

Game seed: 14776309013060091550

11305 flotson the Trooper (level 11, -4/85 HPs)
             Began as a Demonspawn Delver on Nov 20, 2022.
             Was an Initiate of Gozag.
             Slain by a hornet (12 damage)
             ... while paralysed by a hornet
             ... on level 10 of the Dungeon.
             The game lasted 00:43:41 (14887 turns).

flotson the Trooper (Demonspawn Delver)            Turns: 14887, Time: 00:43:41

Health: -4/85      AC: 13    Str: 17    XL:     11   Next: 47%
Magic:  17/17      EV:  2    Int: 11    God:    Gozag
Gold:   965        SH:  0    Dex: 15    Spells: 17/18 levels left

rFire   + . .      SeeInvis .    a - +3 broad axe
rCold   . . .      Faith    .    U - +0 kite shield
rNeg    . . .      Spirit   .    Q - +0 scale mail {rF+}
rPois   .          Reflect  .    v - +0 helmet
rElec   .          Harm     .    (no cloak)
rCorr   .          Rampage  .    (gloves unavailable)
Will    +....                    r - +0 pair of boots
Stlth   +.........               T - amulet of the acrobat
HPRegen 0.34/turn                o - ring of wizardry
MPRegen 0.15/turn                R - ring of willpower

@: paralysed, lethally poisoned (-4 -> -21), slowed
A: claws 3, thin metallic scales 2, ignite blood 2, demonic magic 2
a: Renounce Religion, Potion Petition, Call Merchant, Bribe Branch


You were on level 10 of the Dungeon.
You worshipped Gozag.
Gozag was pleased with you.
You visited 2 branches of the dungeon, and saw 11 of its levels.
You also visited: Bailey.

You collected 1425 gold pieces.
You spent 358 gold pieces at shops.
You paid 102 gold pieces to Gozag.

Inventory:

Hand Weapons
 a - a +3 broad axe (weapon)
Missiles
 F - 11 poisoned darts (quivered)
 G - 12 boomerangs
 S - 2 silver javelins
 X - a throwing net
Armour
 r - a +0 pair of boots (worn)
 s - a +1 ring mail
 v - a +0 helmet (worn)
 y - a +0 pair of gloves
 I - a +0 chain mail of cold resistance
 Q - a +0 scale mail of fire resistance (worn)
 U - a +0 kite shield (worn)
Jewellery
 o - a ring of wizardry (left claw)
 O - a ring of protection from fire
 R - a ring of willpower (right claw)
 T - an amulet of the acrobat (around neck)
 V - a ring of positive energy
Wands
 g - a wand of digging (10)
 t - a wand of charming (9)
 B - a wand of polymorph (16)
 K - a wand of flame (15)
Scrolls
 b - a scroll of silence {unknown}
 c - a scroll of fog
 f - a scroll of butterflies {unknown}
 h - a scroll of noise {unknown}
 j - 5 scrolls of enchant armour
 k - a scroll of torment {unknown}
 m - 2 scrolls of magic mapping
 n - 3 scrolls of poison {unknown}
 q - 2 scrolls of teleportation
 w - a scroll of brand weapon {unknown}
 x - a scroll of vulnerability {unknown}
 E - 2 scrolls of enchant weapon {unknown}
 L - 4 scrolls of identify {unknown}
 M - 2 scrolls of immolation {unknown}
 P - a scroll of acquirement {unknown}
Potions
 d - 2 potions of invisibility
 e - 3 potions of lignification {unknown}
 i - a potion of attraction
 l - a potion of ambrosia {unknown}
 p - 2 potions of berserk rage
 z - 2 potions of flight {unknown}
 A - 3 potions of heal wounds {unknown}
 C - a potion of resistance
 D - a potion of might {unknown}
 H - 2 potions of haste
 J - a potion of brilliance {unknown}
 N - a potion of degeneration {unknown}
 W - a potion of mutation {unknown}


   Skills:
 + Level 7.7 Fighting
 + Level 5.9(6.1) Axes
 - Level 1.7(4.1) Polearms
 - Level 5.0 Throwing
 + Level 6.3 Armour
 + Level 6.6 Dodging
 - Level 4.5 Stealth
 + Level 2.6 Shields
 + Level 4.0 Spellcasting
 - Level 4.0 Conjurations
 - Level 3.0 Fire Magic
 + Level 7.0 Evocations


You had 17 spell levels left.
You knew the following spells:

 Your Spells              Type           Power      Damage    Failure   Level
a - Foxfire               Conj/Fire      40%        2x1d6     21%         1

Your spell library contained the following spells:

 Spells                   Type           Power      Damage    Failure   Level
 Cigotuvi's Dreadful Rot  Necr/Pois/Air  4%         N/A       77%         2
 Gell's Gravitas          Tloc           2%         N/A       92%         3
 Lesser Beckoning         Tloc           4%         N/A       92%         3
 Teleport Other           Tloc           2%         N/A       92%         3
 Fireball                 Conj/Fire      5%         3d5       99%         5
 Dispel Undead            Necr           2%         3d7       100%        4
 Petrify                  Tmut/Erth      2%         N/A       100%        4
 Metabolic Englaciation   Hex/Ice        1%         N/A       100%        5
 Death Channel            Necr           1%         N/A       100%        6
 Starburst                Conj/Fire      5%         6d4       100%        6
 Statue Form              Tmut/Erth      1%         N/A       100%        6


Dungeon Overview and Level Annotations

Branches:
Dungeon (10/15)            Temple (1/1) D:6            Lair (0/5) D:10
    Orc (0/2) D:10         Bailey (visited)

Altars:
Ashenzari
Cheibriados
Dithmenos
Gozag
Kikubaaqudgha
Okawaru
Qazlal
Ru
Sif Muna
Uskayaw
Vehumet
Xom
Yredelemnul

Shops:
D:1 *   D:3 (   D:4 *   D:6 =

Annotations:
D:10 Fannar


Innate Abilities, Weirdness & Mutations

You have claws for hands.
You are mostly covered in thin metallic scales. (AC +3)
Your demonic aura often causes spilled blood to erupt in flames.
Spells you cast may paralyse nearby enemies.


Message History

You hit the hornet but do no damage.
The hornet is severely wounded.
You feel yourself speed up.
You feel very sick.
The hornet stings you but does no damage.
The hornet misses you. You block the hornet's attack.
You closely miss the hornet.
The hornet is severely wounded.
You feel sick.
The hornet stings you but does no damage.
The hornet stings you.
You feel yourself slow down.
You hit the hornet but do no damage.
The hornet is severely wounded.
You feel very sick. The hornet stings you!
* * * LOW HITPOINT WARNING * * *
You feel as though you will be slow longer.
The hornet barely misses you. The hornet stings you!
* * * LOW HITPOINT WARNING * * *
You feel as though you will be slow longer.
The hornet stings you.
* * * LOW HITPOINT WARNING * * *
You are lethally poisoned!
You feel as though you will be slow longer.
You feel better. The hornet barely misses you. The hornet stings you.
* * * LOW HITPOINT WARNING * * *
You suddenly lose the ability to move!
The hornet stings you.
* * * LOW HITPOINT WARNING * * *
You are poisoned.
You feel as though you will be slow longer.
The hornet stings you.
* * * LOW HITPOINT WARNING * * *
You are lethally poisoned!
You feel as though you will be slow longer.
* * * LOW HITPOINT WARNING * * *
You feel very sick. The hornet stings you!
You die...
Your body crumbles into a pile of gold.

#.# #.# #.# #.# #.# ### #.#
#.# ##.####.## #.#
#.###########...##...######.#
#...........................#
#########.......##...########
#.#.........## #.####y°#####
#.# #@.# #.####..# #.......#
######.## #.# ###.#### *****
#......#############
*,,,******#..................#
*,*,,,,........#.#####.##.##.#


You could see a hornet.

Vanquished Creatures
  Harold (D:10)
  2 vault guards (Bailey)
  Erica (D:9)
  An unseen horror (D:9)
  A troll (D:10)
  A hornet (D:8)
  Prince Ribbit (Bailey)
  Sigmund (D:2)
  A vampire (D:10)
  8 humans (Bailey)
  A wraith (D:10)
  11 yaks
  A wyvern (D:8)
  Grum (D:9)
  4 steam dragons
  A warg (D:9)
  2 acid dragons (D:7)
  A water moccasin (D:9)
  2 orc warriors
  2 ice beasts
  An ogre (D:4)
  4 wolves (D:10)
  2 centaurs (D:8)
  A phantom (D:5)
  9 bullfrogs
  2 gnoll sergeants
  2 necrophages
  2 scorpions
  4 wights
  4 killer bees (D:9)
  5 howler monkeys
  A jelly (D:6)
  7 orc priests
  2 gnoll boudas
  A hound (D:6)
  4 iguanas
  Terence (D:2)
  Natasha (D:4)
  8 orc wizards
  Robin (D:2)
  6 adders
  18 gnolls
  A white imp (D:6)
  An ufetubus (D:4)
  4 dart slugs
  40 orcs
  4 ball pythons
  4 bats (D:1)
  6 endoplasms
  6 giant cockroaches
  9 hobgoblins
  2 jackals (D:4)
  3 quokkas (D:4)
  2 frilled lizards
  16 goblins
  6 kobolds
  11 rats
245 creatures vanquished.

Vanquished Creatures (others)
  An orc priest (D:7)
  An orc wizard (D:5)
  57 foxfires
  7 plants (D:4)
66 creatures vanquished.

Grand Total: 311 creatures vanquished

Notes
Turn   | Place    | Note
-------+----------+-------------------------------------------
     0 | D:5      | flotson the Demonspawn Delver began the quest for the Orb.
     0 | D:5      | Reached XP level 1. HP: 18/18 MP: 1/1
    10 | D:5      | Noticed an iguana
    27 | D:5      | Noticed an orc priest
    84 | D:5      | Noticed an orc wizard
    84 | D:5      | Noticed an orc wizard
   116 | D:5      | Noticed an orc priest
   116 | D:5      | Noticed an orc priest
   269 | D:4      | Noticed a scorpion
   404 | D:1      | Gained mutation: Spells you cast may paralyse adjacent
                  | enemies. [demonic ancestry]
   404 | D:1      | Reached XP level 2. HP: 24/24 MP: 2/2
   563 | D:1      | Learned a level 1 spell: Foxfire
   574 | D:1      | Reached skill level 1 in Evocations
   599 | D:1      | Found Xulyqufe's General Store.
   608 | D:1      | Reached skill level 1 in Armour
   650 | D:1      | Gained mutation: You have sharp fingernails. [demonic
                  | ancestry]
   650 | D:1      | Reached XP level 3. HP: 29/29 MP: 3/3
   655 | D:1      | Bought a scroll of teleportation for 39 gold pieces
   946 | D:2      | Noticed Robin
   955 | D:2      | Noticed Sigmund
  1184 | D:2      | Noticed Terence
  1663 | D:2      | Reached skill level 1 in Conjurations
  1680 | D:2      | Killed Robin
  1681 | D:2      | Gained mutation: Your demonic aura sometimes causes spilled
                  | blood to erupt in flames. [demonic ancestry]
  1681 | D:2      | Reached XP level 4. HP: 34/35 MP: 0/4
  1745 | D:2      | Killed Terence
  1813 | D:2      | Killed Sigmund
  1814 | D:2      | Reached skill level 1 in Spellcasting
  1814 | D:2      | Reached skill level 1 in Fire Magic
  1814 | D:2      | Reached XP level 5. HP: 35/42 MP: 1/7
  1814 | D:2      | Gained mutation: You are partially covered in thin metallic
                  | scales. (AC +2) [demonic ancestry]
  1814 | D:2      | Reached XP level 6. HP: 40/48 MP: 1/8
  2441 | D:3      | Found Zitunikh's Antique Weapon Shoppe.
  2451 | D:3      | Bought a broad axe for 108 gold pieces
  2484 | D:3      | Found a faded altar of an unknown god.
  2819 | D:4      | Found Ziengi's Assorted Antiques.
  3047 | D:4      | Noticed Natasha
  3056 | D:4      | Killed Natasha
  3180 | D:4      | Reached skill level 1 in Axes
  3180 | D:4      | Gained mutation: You are mostly covered in thin metallic
                  | scales. (AC +3) [demonic ancestry]
  3180 | D:4      | Reached XP level 7. HP: 47/54 MP: 8/10
  5333 | D:6      | Gained mutation: Your demonic aura often causes spilled
                  | blood to erupt in flames. [demonic ancestry]
  5333 | D:6      | Reached XP level 8. HP: 61/61 MP: 10/12
  5425 | D:6      | Found Qokhom's Jewellery Shop.
  5503 | D:4      | Bought a ruby potion for 18 gold pieces
  5503 | D:4      | Bought a glowing purple potion for 18 gold pieces
  5557 | D:6      | Found a staircase to the Ecumenical Temple.
  5571 | Temple   | Entered the Ecumenical Temple
  6063 | Temple   | Became a worshipper of Gozag Ym Sagoz the Greedy
  6601 | D:7      | Reached skill level 1 in Throwing
  7353 | D:7      | Reached skill level 5 in Fighting
  7779 | D:7      | Gained mutation: You have very sharp fingernails. [demonic
                  | ancestry]
  7779 | D:7      | Reached XP level 9. HP: 58/67 MP: 13/13
  8456 | D:3      | Bought a glowing war axe for 175 gold pieces
  8788 | D:8      | Paralysed by a hornet for 1 turns
  9147 | D:8      | Reached skill level 5 in Evocations
  9574 | D:8      | Reached skill level 5 in Dodging
 10205 | D:9      | Gained mutation: Spells you cast may paralyse nearby
                  | enemies. [demonic ancestry]
 10205 | D:9      | Reached XP level 10. HP: 71/74 MP: 14/14
 10238 | D:9      | Reached skill level 5 in Armour
 10771 | D:9      | Identified the +5 dagger "Herool" {freeze, Str+4}
 11173 | D:9      | Noticed Erica
 11487 | D:9      | Killed Erica
 11488 | D:9      | Reached skill level 5 in Axes
 11660 | D:10     | Entered Level 10 of the Dungeon
 11671 | D:10     | Found a flagged portal.
 11686 | D:10     | Found a staircase to the Lair.
 11725 | Bailey   | Entered a bailey
 11785 | Bailey   | Reached skill level 5 in Throwing
 11968 | Bailey   | Reached skill level 1 in Shields
 12048 | Bailey   | Noticed Prince Ribbit
 12048 | Bailey   | Noticed a vault guard
 12067 | Bailey   | Killed Prince Ribbit
 12086 | Bailey   | Gained mutation: You have claws for hands. [demonic
                  | ancestry]
 12086 | Bailey   | Reached XP level 11. HP: 77/84 MP: 15/15
 12367 | Bailey   | Killed a vault guard
 12570 | Bailey   | Noticed a vault guard
 12583 | Bailey   | Killed a vault guard
 13195 | D:10     | Noticed Harold
 13205 | D:10     | Killed Harold
 13623 | D:10     | Paralysed by a hornet for 1 turns
 14398 | D:10     | Noticed Fannar
 14403 | D:10     | Noticed Grum
 14670 | D:9      | Killed Grum
 14885 | D:10     | Paralysed by a hornet for 3 turns
 14887 | D:10     | Slain by a hornet

Illustrated notes

Levels and vault maps discovered:
D:1:      lemuel_arrival_river_ford, layout_rooms, serial_shops,
          nicolae_shop_crystal
D:2:      layout_rooms, uniq_robin, uniq_sigmund, uniq_terence
D:3:      layout_basic, ebering_ecumenical_altar_mist, serial_shops, shop
D:4:      layout_basic, serial_shops, shop, serial_bayou_pond_c,
          minmay_quantized, uniq_natasha
D:5:      layout_gridville
D:6:      layout_loops_ring, minmay_temple_entry_sparse_star, serial_shops, shop
D:7:      layout_basic
D:8:      layout_basic, nicolae_wwwww
D:9:      layout_long_grid, uniq_erica
D:10:     layout_loops_corners, lightli_temple_of_fire, lair_entry_dummy,
          david_orc_3, special_room [special_room_orc], enter_bailey_5,
          uniq_harold, uniq_fannar, uniq_grum
Temple:   mainiacjoe_temple_archimedes_tessellation

Skill      XL: |  1  2  3  4  5  6  7  8  9 10 11 |
---------------+----------------------------------+-----
Dodging        | 2 3 4 5 6 |  6.6
Evocations     | 1 2 3 4 5 6 7 |  7.0
Armour         | 1 2 3 4 5 6 |  6.3
Conjurations   | 1 2 3 4 |  4.0
Spellcasting   | 1 2 3 4 |  4.0
Fire Magic     | 1 2 3 |  3.0
Fighting       | 4 5 6 7 |  7.7
Axes           | 1 2 3 4 5 |  5.9
Throwing       | 2 3 5 |  5.0
Shields        | 1 2 |  2.6
Polearms       | |  1.7
Stealth        | |  4.5

Action                   |  1- 3 |  4- 6 |  7- 9 | 10-12 || total
-------------------------+-------+-------+-------+-------++-------
Melee: Spear             |   108 |       |    63 |       ||   171
       Hand axe          |    21 |    44 |       |       ||    65
       Punch             |     2 |     2 |     9 |       ||    13
       Broad axe         |       |    76 |   326 |    96 ||   498
       War axe           |       |       |    42 |   163 ||   205
Throw: Boomerang         |       |       |     8 |    10 ||    18
       Dart              |       |       |    16 |    25 ||    41
       Javelin           |       |       |     6 |     6 ||    12
 Cast: Foxfire           |    19 |     8 |     9 |     2 ||    38
  Use: Scroll            |     2 |       |     2 |     6 ||    10
       Potion            |     2 |       |     5 |     4 ||    11
 Stab: Sleeping          |     6 |     5 |     1 |     1 ||    13
       Paralysed         |     7 |       |       |       ||     7
       Distracted        |       |       |     2 |     3 ||     5
       Invisible         |       |       |     1 |       ||     1
Armor: Leather armour    |    17 |       |       |       ||    17
       Ring mail         |    22 |    63 |   282 |       ||   367
       Scale mail        |       |       |    40 |   119 ||   159
Dodge: Dodged            |    76 |   116 |   297 |   203 ||   692
Block: Kite shield       |       |       |       |    64 ||    64

Table legend: (Time is in decaauts)
 A = Elapsed time spent in this place.
 B = Non-inter-level travel time spent in this place.
 C = Inter-level travel time spent in this place.
 D = Time resting spent in this place.
 E = Time spent auto-exploring this place.
 F = Levels seen in this place.
 G = Mean time per level.
                   A        B        C        D        E       F      G
               +--------+--------+--------+--------+--------+-----+--------+
         Total |  15259 |  14065 |   1194 |   1690 |   9250 |  12 | 1271.6 |
       Dungeon |  13708 |  12832 |    876 |   1690 |   8296 |  10 | 1370.8 |
        Temple |    434 |    116 |    318 |      0 |     93 |   1 |  434.0 |
        Bailey |   1116 |   1116 |      0 |      0 |    860 |   1 | 1116.0 |
               +--------+--------+--------+--------+--------+-----+--------+

Top non-repeatable levels by time:
     D:9: 2462 daAuts
     D:7: 2011 daAuts
     D:5: 1594 daAuts
     D:4: 1485 daAuts
    D:10: 1313 daAuts
     D:8: 1294 daAuts
     D:6: 1151 daAuts
  Bailey: 1116 daAuts
     D:2: 902 daAuts
     D:1: 899 daAuts
     D:3: 592 daAuts
  Temple: 434 daAuts
